 Dungeon Crawl Stone Soup version 0.30.1-9-gdf580d7c3d (webtiles) character file.

Game seed: 7541252865121106275

48724 eliilek the Warrior (level 14, -3/144 HPs)
             Began as a Minotaur Berserker on Oct 16, 2023.
             Was a High Priest of Trog.
             Slain by a two-headed ogre
             ... wielding a +0 giant spiked club
              (24 damage)
             ... on level 1 of the Orcish Mines.
             The game lasted 00:47:09 (16605 turns).

eliilek the Warrior (Minotaur Berserker)           Turns: 16605, Time: 00:47:09

Health: -3/144     AC: 27    Str: 24    XL:     14   Next: 13%
Magic:  13/13      EV: 11    Int:  4    God:    Trog [*****.]
Gold:   1954       SH:  5    Dex: 16    Spells: 13/13 levels left

rFire   + + +        a - +7 great mace "Firestarter" {flame, immolate, rFlCloud rF++}
rCold   + . .        (shield currently unavailable)
rNeg    . . .        p - +2 plate armour {rF+}
rPois   +            E - +2 hat
rElec   +            K - +0 cloak
rCorr   .            o - +0 pair of gloves
SInv    .            q - +2 pair of boots
Will    +....        Q - amulet of the Middle {Reflect rElec rC+ SH+5} Stlth
                     y - ring of flight
HPRegen 0.44/turn    D - ring of the Tempest {rPois Dex+3 Stlth+}
MPRegen 0.13/turn

%: reflection
@: flying, silenced
A: horns 2, retaliatory headbutt
a: Renounce Religion


You were on level 1 of the Orcish Mines.
You worshipped Trog.
Trog was extremely pleased with you.
You visited 3 branches of the dungeon, and saw 16 of its levels.
You also visited: Ossuary, Bailey and Volcano.

You collected 2042 gold pieces.
You spent 88 gold pieces at shops.

Inventory:

Hand Weapons
 a - the +7 great mace "Firestarter" (weapon) {flame, immolate, rFlCloud rF++}
   (Trog gifted it to you on level 3 of the Lair of Beasts)

   rFlCloud:  It grants immunity to clouds of flame.
   rF:        It greatly protects you from fire.
Missiles
 h - 34 poisoned darts (quivered)
 z - 7 curare-tipped darts
 A - 3 atropa-tipped darts
Armour
 o - a +0 pair of gloves (worn)
 p - a +2 plate armour of fire resistance (worn)
 q - a +2 pair of boots (worn)
 B - a +0 pair of boots of flying
 E - a +2 hat (worn)
 K - a +0 cloak (worn)
Jewellery
 t - a ring of resist corrosion
 y - a ring of flight (left hand)
 D - the ring of the Tempest (right hand) {rPois Dex+3 Stlth+}
   (You found it on level 7 of the Dungeon)

   [ring of poison resistance]

   Dex:       It affects your dexterity (+3).
   rPois:     It protects you from poison.
   Stlth:     It makes you more stealthy.
 F - the ring of Lural {rN+ MP+9}
   (You found it on level 7 of the Dungeon)

   [ring of positive energy]

   rN:        It protects you from negative energy.
   MP:        It affects your magic capacity (+9).
 Q - the amulet of the Middle (around neck) {Reflect rElec rC+ SH+5}
   (You took it off a centaur on level 10 of the Dungeon)

   [amulet of reflection]

   It reflects blocked missile attacks.
   rC:        It protects you from cold.
   rElec:     It insulates you from electricity.
   SH:        It affects your SH (+5).
Wands
 c - a wand of charming (27)
 l - a wand of flame (9)
 r - a wand of iceblast (26)
 I - a wand of digging (10)
 N - a wand of quicksilver (6)
 P - a wand of mindburst (7)
Scrolls
 b - 3 scrolls of blinking
 f - 5 scrolls of enchant weapon
 k - 12 scrolls of teleportation
 m - a scroll of summoning
 s - 2 scrolls of fear
 x - a scroll of poison
 H - a scroll of acquirement {unknown}
 M - a scroll of enchant armour {unknown}
 O - 2 scrolls of magic mapping
Potions
 e - 2 potions of ambrosia
 g - 2 potions of magic {unknown}
 i - 2 potions of resistance
 j - 7 potions of flight
 n - 6 potions of heal wounds
 u - 2 potions of cancellation
 v - 9 potions of curing
 w - 5 potions of berserk rage
 C - a potion of might
 G - 2 potions of mutation
 L - 2 potions of haste


   Skills:
 + Level 18.3 Fighting
 * Level 16.2 Maces & Flails
 + Level 14.1 Armour
 + Level 7.2 Dodging
 - Level 7.1 Shields


You had 13 spell levels left.
You didn't know any spells.
Your spell library was empty.

Dungeon Overview and Level Annotations

Branches:
Dungeon (11/15)            Temple (0/1) D:4            Lair (4/5) D:11
  Swamp (0/4) Lair:2       Spider (0/4) Lair:3        Slime (0/5) Lair:4
    Orc (1/2) D:9         Ossuary (visited)          Bailey (visited)
Volcano (visited)

Altars:
Ashenzari
Fedhas
Gozag
Hepliaklqana
Ru
Trog
Uskayaw
The Shining One
Jiyva

Shops:
D:1 [   D:2 !   D:4 :   D:5 *   Orc:1 :

Portals:
Trove: D:11 (give 2 scrolls of acquirement)

Annotations:
Orc:1 1 transporter, 1 runed translucent door


Innate Abilities, Weirdness & Mutations

You have a pair of horns on your head.
You reflexively headbutt those who attack you in melee.


Message History

You see here 16 gold pieces.
You now have 1930 gold pieces (gained 16).
A two-headed ogre and an orc knight come into view.
You see here 7 gold pieces.
You now have 1937 gold pieces (gained 7).
You see here 17 gold pieces.
You now have 1954 gold pieces (gained 17).
The moth of wrath goads the two-headed ogre on!
The two-headed ogre goes berserk!
The two-headed ogre rages.
The two-headed ogre completely misses you.
You furiously retaliate!
You headbutt the two-headed ogre!
The two-headed ogre hits you with a +0 giant club.
You completely miss the two-headed ogre.
The two-headed ogre is lightly wounded.
The orc knight barely misses you.
The two-headed ogre hits you with a +0 giant spiked club!!
The two-headed ogre hits you with a +0 giant club!!
* * * LOW HITPOINT WARNING * * *
You hit the two-headed ogre. You burn the two-headed ogre.
The two-headed ogre is filled with an inner flame.
Flame seeps out of the two-headed ogre.
You headbutt the two-headed ogre.
The two-headed ogre is moderately wounded.
The orc knight hits you but does no damage.
You sock the two-headed ogre!
Flame seeps out of the two-headed ogre.
You burn the two-headed ogre.
Flame seeps out of the two-headed ogre.
The two-headed ogre is heavily wounded.
The two-headed ogre is engulfed in blazing flames.
Flame seeps out of the two-headed ogre.
The two-headed ogre barely misses you. x2
The orc knight hits you with a +0 battleaxe.
* * * LOW HITPOINT WARNING * * *
You bludgeon the two-headed ogre!!
Flame seeps out of the two-headed ogre.
You burn the two-headed ogre.
Flame seeps out of the two-headed ogre.
The two-headed ogre is almost dead.
The two-headed ogre is engulfed in blazing flames.
Flame seeps out of the two-headed ogre.
The two-headed ogre hits you with a +0 giant spiked club!!
* * * LOW HITPOINT WARNING * * *
The two-headed ogre hits you with a +0 giant club!!
You die...

#######.....#
y#.....#y
###..©..##### #
#######☼#y#
#############
............###
............#e#
.⌠..?$$..⌠..#e#
...$):(.O@..#e#
..$$[_).o...#e#
.####+####..#y#
##W##y#)[###
#######..#.#
###
...#...#....###
##.## ##
..+..('.).##
#...# .#
..+.©.'..##
##..## .#
##########
#...## ###


You could see an orc knight, 2 deep elf annihilators, a deep elf elementalist
(repels missiles), a two-headed ogre (berserk, inner flame), 3 moths of wrath, a
silent spectre (silencing) and a deep elf zephyrmancer.

Vanquished Creatures
  A stone giant (Orc:1)
  2 hydras
  A dancing weapon (Volcano)
  4 two-headed ogres
  5 death yaks (Lair:4)
  4 boulder beetles
  2 orc high priests (Orc:1)
  Urug (Lair:1)
  A skyshark (Lair:2)
  Sonja (Lair:4)
  2 deep trolls (Orc:1)
  3 bog bodies (Lair:2)
  2 wizards (Volcano)
  2 orc knights (Orc:1)
  A cyclops (D:11)
  A manticore (D:7)
  A faun (Lair:3)
  6 elephants (Lair:3)
  5 toenail golems (Volcano)
  2 black mambas
  8 komodo dragons
  6 cane toads
  2 rime drakes
  Maggie (D:7)
  3 trolls
  2 hornets
  2 tyrant leeches (Lair:4)
  Prince Ribbit (D:9)
  Sigmund (D:4)
  A slime creature (D:7)
  A shadow (D:7)
  A wraith (D:9)
  Eustachio (D:5)
  A wyvern (Lair:2)
  43 yaks
  2 basilisks
  2 steam dragons
  3 vampire mosquitoes (D:11)
  4 swamp worms
  5 wargs
  8 water moccasins
  13 orc warriors
  2 ice beasts
  A sky beast (D:7)
  6 ogres
  10 centaurs
  17 wolves
  4 phantoms (D:7)
  2 kobold brigands
  2 elf zombies (Ossuary)
  9 bullfrogs
  2 gnoll sergeants
  A scorpion (D:7)
  10 wights
  2 electric eels
  3 howler monkeys
  3 centaur zombies (Ossuary)
  3 gnoll boudas
  6 hounds
  A jelly (D:6)
  14 orc priests
  Crazy Yiuf (D:7)
  A human zombie (Ossuary)
  A sleepcap (D:6)
  2 iguanas
  13 orc wizards
  5 hell rats (Lair:2)
  2 mummies (Ossuary)
  19 gnolls
  11 adders
  5 shadow imps
  3 white imps
  An ufetubus (D:4)
  2 adder zombies (Ossuary)
  A worm (D:5)
  3 dart slugs
  38 orcs
  5 bats
  7 endoplasms
  A giant cockroach (D:1)
  14 goblins
  5 hobgoblins
  7 jackals
  2 quokkas
  8 ball pythons
  3 frilled lizards
  A goblin zombie (Ossuary)
  12 hobgoblin zombies (Ossuary)
  A jackal zombie (Ossuary)
  24 kobolds
  8 kobold zombies (Ossuary)
  5 orc zombies (Ossuary)
  5 rats
  2 rat zombies (Ossuary)
474 creatures vanquished.

Vanquished Creatures (collateral kills)
  A boulder beetle (D:7)
  An unseen horror (D:11)
  A vampire (D:11)
  2 wargs (D:11)
  2 orc priests (D:11)
  An orc (D:11)
8 creatures vanquished.

Vanquished Creatures (others)
  3 wizards (Volcano)
3 creatures vanquished.

Grand Total: 485 creatures vanquished

Notes
Turn   | Place    | Note
-------+----------+-------------------------------------------
     0 | D:1      | eliilek the Minotaur Berserker began the quest for the Orb.
     0 | D:1      | Reached XP level 1. HP: 19/19 MP: 0/0
   107 | D:1      | Found Ifawum's Armour Shop.
   152 | D:1      | Reached XP level 2. HP: 21/27 MP: 1/1
   317 | D:1      | Reached skill level 4 in Fighting
   588 | D:2      | Reached XP level 3. HP: 32/33 MP: 2/2
   705 | D:2      | Reached ** piety under Trog
   801 | D:2      | Found a hide-covered altar of Uskayaw.
   841 | D:2      | Found Vistrufy's Distillery.
   852 | D:2      | Reached skill level 5 in Maces & Flails
   852 | D:2      | Bought a potion of curing for 39 gold pieces
   975 | D:2      | Reached XP level 4. HP: 39/41 MP: 3/3
  1302 | D:1      | Bought a +0 buckler for 49 gold pieces
  1535 | D:3      | Found a faded altar of an unknown god.
  1801 | D:4      | Found Geesil's Self-Improvement Boutique.
  1901 | D:4      | Noticed Sigmund
  1908 | D:4      | Killed Sigmund
  1909 | D:4      | Reached skill level 5 in Fighting
  1909 | D:4      | Reached XP level 5. HP: 48/48 MP: 4/4
  1909 | D:4      | Reached XP level 6. HP: 56/56 MP: 5/5
  2038 | D:4      | Found a staircase to the Ecumenical Temple.
  2079 | D:4      | Reached *** piety under Trog
  2170 | D:4      | Found a blossoming altar of Fedhas.
  2351 | D:4      | Found a sacrificial altar of Ru.
  2440 | D:5      | Entered Level 5 of the Dungeon
  2484 | D:5      | Noticed an ice beast
  2501 | D:5      | Noticed Eustachio
  2512 | D:5      | Reached skill level 6 in Fighting
  2517 | D:5      | Killed an ice beast
  2518 | D:5      | Reached XP level 7. HP: 36/63 MP: 6/6
  2756 | D:5      | Killed Eustachio
  3057 | D:5      | Found Bethol's Lightly-Used Armoury.
  3072 | D:5      | Reached skill level 7 in Fighting
  3198 | D:5      | Found a broken altar of Ashenzari.
  3209 | D:5      | Reached XP level 8. HP: 62/73 MP: 7/7
  3373 | D:5      | Found a hazy altar of Hepliaklqana.
  3732 | D:6      | Reached skill level 10 in Maces & Flails
  3967 | D:6      | Reached **** piety under Trog
  4029 | D:6      | Reached skill level 8 in Fighting
  4172 | D:7      | Found a sand-covered staircase.
  4181 | Ossuary  | Entered an ossuary
  4365 | Ossuary  | Reached ***** piety under Trog
  4383 | Ossuary  | Reached XP level 9. HP: 82/82 MP: 8/8
  4576 | D:7      | Reached skill level 9 in Fighting
  4596 | D:7      | Noticed Maggie
  4606 | D:7      | Killed Maggie
  4691 | D:7      | Noticed a manticore
  4702 | D:7      | Killed a manticore
  4703 | D:7      | Reached skill level 10 in Fighting
  4879 | D:7      | Noticed a boulder beetle
  4879 | D:7      | Noticed a boulder beetle
  4880 | D:7      | Noticed a boulder beetle
  4887 | D:7      | Killed a boulder beetle
  4888 | D:7      | Reached skill level 11 in Fighting
  4888 | D:7      | Reached XP level 10. HP: 87/96 MP: 9/9
  4893 | D:7      | Killed a boulder beetle
  4894 | D:7      | Reached skill level 12 in Fighting
  4899 | D:7      | Noticed a boulder beetle
  4902 | D:7      | Identified the amulet of Inleles {RegenMP rPois rC+ Int+2
                  | Dex-4}
  4917 | D:7      | Killed a boulder beetle
  4918 | D:7      | Reached skill level 13 in Fighting
  4930 | D:7      | HP: 5/101 [boulder beetle (6)]
  4935 | D:7      | Killed a boulder beetle
  4940 | D:7      | Reached skill level 14 in Fighting
  5122 | D:7      | Identified the ring of the Tempest {rPois Dex+3 Stlth+}
  5125 | D:7      | Identified the amulet of Xom's Recklessness {RegenMP Str+3}
  5136 | D:7      | Identified the ring of Lural {rN+ MP+9}
  5555 | D:7      | Found a runed translucent door.
  5556 | D:7      | Noticed Crazy Yiuf
  5564 | D:7      | Killed Crazy Yiuf
  5704 | D:8      | Paralysed by a hornet for 1 turns
  5828 | D:8      | Found an opulent altar of Gozag.
  5930 | D:8      | Found a glowing golden altar of the Shining One.
  6272 | D:8      | Reached skill level 15 in Fighting
  6371 | D:9      | Reached XP level 11. HP: 112/112 MP: 10/10
  6389 | D:9      | Found a staircase to the Orcish Mines.
  6604 | D:9      | Found a flagged portal.
  6604 | D:9      | Noticed Prince Ribbit
  6616 | D:9      | Killed Prince Ribbit
  6619 | Bailey   | Entered a bailey
  7248 | D:9      | Reached skill level 1 in Shields
  7535 | D:10     | Entered Level 10 of the Dungeon
  7774 | D:10     | Reached skill level 16 in Fighting
  7774 | D:10     | Reached skill level 5 in Armour
  7889 | D:10     | Noticed a +0 hand axe
  7889 | D:10     | Noticed a +0 hand axe
  7997 | D:10     | Found a hide-covered altar of Uskayaw.
  8202 | D:10     | Received a gift from Trog
  8227 | D:10     | Identified the amulet of the Middle {Reflect rElec rC+
                  | SH+5}
  8804 | D:11     | Found a staircase to the Lair.
  9015 | D:11     | Noticed a two-headed ogre
  9060 | D:10     | Killed a two-headed ogre
  9157 | D:11     | Noticed a two-headed ogre
  9169 | D:10     | Killed a two-headed ogre
  9170 | D:10     | Reached skill level 5 in Dodging
  9170 | D:10     | Reached XP level 12. HP: 124/124 MP: 11/11
  9433 | D:11     | Found a portal to a secret trove of treasure.
  9494 | D:11     | Noticed a two-headed ogre
  9500 | D:11     | Killed a two-headed ogre
  9501 | D:11     | Reached skill level 5 in Shields
  9796 | Lair:1   | Entered Level 1 of the Lair of Beasts
  9838 | Lair:1   | Found a dark tunnel.
  9846 | Volcano  | Entered a volcano
 10852 | Lair:1   | You are sucked into a shaft and drop 1 floor!
 10871 | Lair:2   | Reached skill level 10 in Armour
 10932 | Lair:2   | Reached skill level 17 in Fighting
 11115 | Lair:1   | Noticed Urug
 11123 | Lair:1   | Killed Urug
 11930 | Lair:2   | Reached XP level 13. HP: 133/133 MP: 12/12
 11934 | Lair:2   | Found a staircase to the Swamp.
 13598 | Lair:3   | Found a blossoming altar of Fedhas.
 13621 | Lair:3   | Found a hole to the Spider Nest.
 13884 | Lair:4   | Found a viscous altar of Jiyva.
 13884 | Lair:4   | Found a staircase to the Slime Pits.
 14051 | Lair:3   | Received a gift from Trog
 14051 | Lair:3   | Found the +7 great mace "Firestarter" {flame, immolate,
                  | rFlCloud rF++}
 14134 | Lair:4   | Reached skill level 15 in Maces & Flails
 14137 | Lair:4   | Noticed Sonja
 14143 | Lair:4   | Killed Sonja
 14813 | Lair:4   | Reached skill level 18 in Fighting
 15350 | Orc:1    | Entered Level 1 of the Orcish Mines
 15741 | Orc:1    | Found a transporter.
 15764 | Orc:1    | Reached XP level 14. HP: 143/143 MP: 13/13
 15883 | Orc:1    | Found Salela's Book Shoppe.
 16278 | Orc:1    | Found a transporter.
 16278 | Orc:1    | Found a runed translucent door.
 16278 | Orc:1    | Found a bloodstained altar of Trog.
 16278 | Orc:1    | Found the necklace of Bloodlust {Fury *Rage Will++ Int-3
                  | Slay+6}
 16279 | Orc:1    | Noticed a stone giant
 16303 | Orc:1    | Killed a stone giant
 16562 | Orc:1    | Noticed a deep elf elementalist
 16605 | Orc:1    | Slain by a two-headed ogre

Illustrated notes

Levels and vault maps discovered:
D:1:      shiori_arrival_whats_in_store_for_you, layout_rooms, serial_shops,
          shop
D:2:      layout_rooms, basic_altar, serial_shops, nicolae_shop_tiny_waterfront
D:3:      layout_rooms, chequers_ecumenical_altar_simple
D:4:      layout_loops_ring, nicolae_ru_sacrificial_ziggurat,
          lemuel_round_altar, minmay_temple_entry_junction_2,
          hangedman_abyss_or_decor_passed, nicolae_shop_self_help, uniq_sigmund
D:5:      layout_basic, mainiacjoe_overflow_paths, cheibrodos_ashenzari_chains,
          minmay_shop_damaged, uniq_eustachio
D:6:      layout_gridville
D:7:      minmay_the_grid_triangle_9x9_rhombus_full
          [minmay_the_grid_triangle_9x9_pentomino_pain,
          minmay_the_grid_triangle_9x9_steps,
          minmay_the_grid_triangle_9x9_sparse_checkered,
          minmay_the_grid_triangle_9x9_corruption,
          minmay_the_grid_triangle_9x9_from_above,
          minmay_the_grid_triangle_9x9_minimal,
          minmay_the_grid_triangle_9x9_checkered,
          minmay_the_grid_triangle_9x9_prize_special], layout_cave_pools,
          nicolae_ossuary_entry_monument, uniq_crazy_yiuf_cottage, uniq_maggie
D:8:      layout_rooms, mainiacjoe_overflow_cross_hatched,
          nicolae_tso_carved_into_rock
D:9:      layout_basic, minmay_orc_entry_temple_small, enter_bailey_5,
          chequers_serial_rivers_room_b, uniq_prince_ribbit1
D:10:     nicolae_whirlpool, layout_long_grid, dancing_weapons_uskayaw,
          minmay_door_square, abandoned_shop
D:11:     layout_roguey, erik_lair_orcish_takeover, serial_bayou,
          serial_bayou_pond_e, serial_bayou_pond_d, serial_bayou_pond_b,
          serial_bayou_pond_c, nicolae_trove_entry_isolated
Lair:1:   layout_concentric_octagons, enter_volcano_1,
          chequers_serial_rivers_large_b, uniq_urug
Lair:2:   layout_long_grid, nicolae_swamp_entry_splash_gauntlet
Lair:3:   layout_gridlike, dummy_spider_entry, basic_altar,
          grunt_forest_large_clearings
Lair:4:   layout_concentric_octagons, slime_entry_1, worms_lemuel,
          grunt_megastairs_5, serial_bayou_shore_b, infiniplex_staircase_pool,
          uniq_sonja
Orc:1:    emtedronai_trogs_sanctum, layout_diamond_mine, serial_shops,
          nicolae_shop_peninsula

Skill      XL: |  1  2  3  4  5  6  7  8  9 10 11 12 13 14 |
---------------+-------------------------------------------+-----
Maces & Flails | 4 5 7 8 9 12 14 15 16 | 16.2
Fighting       | 4 5 6 7 8 11 15 16 17 18 | 18.3
Armour         | 7 11 13 14 | 14.1
Shields        | 4 6 7 |  7.1
Dodging        | 5 7 |  7.2

Action                     |  1- 3 |  4- 6 |  7- 9 | 10-12 | 13-15 || total
---------------------------+-------+-------+-------+-------+-------++-------
  Melee: Mace              |    63 |    95 |    33 |       |       ||   191
         Headbutt          |    13 |    13 |    68 |   120 |    72 ||   286
         Morningstar       |       |       |   259 |   511 |   173 ||   943
         Great mace        |       |       |       |       |   121 ||   121
  Throw: Dart              |       |       |       |       |     1 ||     1
 Invoke: Trog's Hand       |       |     1 |     1 |     2 |     1 ||     5
         Berserk           |       |     1 |     1 |     2 |       ||     4
         Brothers in Arms  |       |       |     1 |     3 |       ||     4
    Use: Scroll            |     4 |     4 |     7 |     8 |     3 ||    26
         Potion            |       |       |     2 |     1 |     2 ||     5
 Armour: Animal skin       |     2 |       |       |       |       ||     2
         Leather armour    |     5 |       |       |       |       ||     5
         Scale mail        |    12 |    14 |       |       |       ||    26
         Chain mail        |       |    38 |   201 |   208 |       ||   447
         Plate armour      |       |       |       |    46 |   163 ||   209
  Dodge: Dodged            |    35 |    52 |   129 |   171 |   130 ||   517
  Block: Buckler           |       |     6 |    38 |   150 |   109 ||   303
         Reflection        |       |       |       |    12 |     1 ||    13
         Other             |       |       |       |       |    19 ||    19
